 Dungeon Crawl Stone Soup version 0.29.0-4-gdea44cf6ec (webtiles) character file.

Game seed: 1213104007507290351

167082 qw the Severer (level 17, -9/111 HPs)
             Began as a Gargoyle Fighter on Sept 10, 2022.
             Was a High Priest of Okawaru.
             Mangled by a radroach (29 damage)
             ... on level 4 of the Spider Nest.
             The game lasted 00:14:52 (35681 turns).

qw the Severer (Gargoyle Fighter)                  Turns: 35681, Time: 00:14:54

Health: -9/111     AC: 41    Str: 39    XL:     17   Next: 91%
Magic:  24/24      EV: 14    Int: 19    God:    Okawaru [*****.]
Gold:   1836       SH: 25    Dex:  6    Spells: 16/16 levels left

rFire   + . .      SeeInvis .   f - +5 broad axe "Feateakk" {venom, Str+3 Int+8 Dex-3}
rCold   + . .      Faith    .   E - +0 tower shield
rNeg    + . .      Spirit   .   l - +6 plate armour {rF+}
rPois   inf        Reflect  +   (no helmet)
rElec   +          Harm     .   y - +0 cloak of Liwepnee {rPois}
rCorr   .          Rampage  .   H - +0 pair of gloves "Neal" {+Blink Str+4}
Will    ++...                   p - +0 pair of boots
Stlth   ..........              r - amulet of reflection
HPRegen 0.28/turn               G - ring of the Salamander {rC+ Str+6}
MPRegen 0.19/turn               v - +4 ring of evasion

@: about to teleport, heroic, flying, slightly contaminated
A: sickness immunity, AC +12, big wings, negative energy resistance 1,
electricity resistance, torment resistance 1, petrification resistance,
strong-willed 1
a: Renounce Religion, Evoke Blink, Heroism, Finesse, Duel


You were on level 4 of the Spider Nest.
You worshipped Okawaru.
Okawaru was extremely pleased with you.
You visited 6 branches of the dungeon, and saw 30 of its levels.
You also visited: Ossuary and Gauntlet.

You collected 2808 gold pieces.
You spent 972 gold pieces at shops.


Innate Abilities, Weirdness & Mutations

You are immune to sickness and miasma.
Your stone body is resilient. (AC +12)
You are immune to poison.
Your large and strong wings let you fly.
You resist negative energy. (rN+)
You are resistant to electric shocks. (rElec)
You are resistant to unholy torment.
You are immune to petrification.
You are strong-willed. (Will+)


   Skills:
 - Level 14.0(19.0) Fighting
 - Level 18.0(23.0) Axes
 - Level 6.0(11.0) Throwing
 + Level 12.0(17.0) Armour
 - Level 2.1(7.1) Dodging
 - Level 18.0(23.0) Shields
 - Level 10.0 Invocations


You had 16 spell levels left.
You didn't know any spells.
Your spell library was empty.

Inventory:

Hand Weapons
 c - a +0 war axe of flaming
 f - the +5 broad axe "Feateakk" (weapon) {venom, Str+3 Int+8 Dex-3}
   (You acquired it on level 1 of the Spider Nest)

   It poisons the flesh of those it strikes.
   Str:       It affects your strength (+3).
   Int:       It affects your intelligence (+8).
   Dex:       It affects your dexterity (-3).
 n - the +5 broad axe "Xiubacw" {vorpal, rF+}
   (You acquired it on level 3 of the Dungeon)

   It inflicts extra damage upon your enemies.
   rF:        It protects you from fire.
Missiles
 t - 20 boomerangs
 B - 3 silver boomerangs (quivered)
 F - 2 boomerangs of dispersal
Armour
 l - a +6 plate armour of fire resistance (worn)
 o - the +1 tower shield "Nusol" {Harm Rampage Drain}
   (You took it off Louise on level 3 of the Spider Nest)

   Drain:     It drains your maximum health when unequipped.
   Harm:      It increases damage dealt and taken.
   Rampage:   It bestows one free step when moving towards enemies.
 p - a +0 pair of boots (worn)
 y - the +0 cloak of Liwepnee (worn) {rPois}
   (You found it on level 4 of the Lair of Beasts)

   rPois:     It protects you from poison.
 E - a +0 tower shield (worn)
 H - the +0 pair of gloves "Neal" (worn) {+Blink Str+4}
   (You acquired it on level 1 of the Spider Nest)

   Str:       It affects your strength (+4).
   +Blink:    It lets you blink.
Jewellery
 b - a ring of fire
 q - a ring of fire
 r - an amulet of reflection (around neck)
 v - a +4 ring of evasion (right hand)
 w - the ring of Oninievi {*Slow rElec rPois rF+ Dex+4}
   (You found it in a Gauntlet)

   [ring of protection from fire]

   Dex:       It affects your dexterity (+4).
   rF:        It protects you from fire.
   rElec:     It insulates you from electricity.
   rPois:     It protects you from poison.
   *Slow:     It may slow you when you take damage.
 G - the ring of the Salamander (left hand) {rC+ Str+6}
   (You found it on level 3 of the Shoals)

   [ring of strength]

   Str:       It affects your strength (+6).
   rC:        It protects you from cold.
 Y - a +4 ring of protection
Wands
 D - a wand of digging (7)
Scrolls
 j - 5 scrolls of blinking
 m - 18 scrolls of identify
 z - 2 scrolls of enchant weapon
 A - 2 scrolls of teleportation
 C - a scroll of brand weapon
Potions
 a - 8 potions of lignification
 d - 8 potions of might
 e - 15 potions of curing
 g - 2 potions of haste
 h - 4 potions of heal wounds
 i - 2 potions of resistance
 k - 8 potions of attraction
 s - 4 potions of mutation
 x - a potion of magic

Dungeon Overview and Level Annotations

Branches:
Dungeon (15/15)            Temple (1/1) D:5            Lair (5/5) D:10
 Shoals (3/4) Lair:2       Spider (4/4) Lair:3        Slime (0/5) Lair:5
    Orc (2/2) D:9             Elf (0/3) Orc:2        Vaults (0/5) D:13
 Depths (0/4) D:15        Ossuary (visited)         Gauntlet (visited)

Altars:
Ashenzari
Cheibriados
Dithmenos
Elyvilon
Fedhas
Gozag
Hepliaklqana
Kikubaaqudgha
Makhleb
Nemelex Xobeh
Okawaru
Qazlal
Ru
Sif Muna
Trog
Uskayaw
Vehumet
Wu Jian
Xom
Yredelemnul
Zin
The Shining One
Jiyva

Shops:
D:2 *   D:6 !   D:7 !   Orc:2 :(*(

Annotations:
Spider:3 2 runed translucent doors, qw's ghost, adept GrBe
Orc:2 1 runed translucent door, qw's ghost, journeyman MiBe


Message History

You block the wolf spider's attack. The wolf spider misses you.
You block the wolf spider's attack.
The wolf spider bites you but does no damage.
You hit the wolf spider but do no damage.
The wolf spider looks as sick as possible!
The wolf spider is almost dead.
You block the wolf spider's attack.
The wolf spider bites you but does no damage.
You barely miss the wolf spider.
The wolf spider is almost dead.
You kill the wolf spider!
Okawaru accepts your kill.
Your base Shields skill increases to level 18!
You slice the radroach!!
The radroach looks as sick as possible!
The radroach is moderately wounded.
The radroach erupts in a fountain of uncontrolled magic!
You are blasted with magical radiation!!
You are very lightly contaminated with residual magic.
You slash the radroach!
The radroach looks as sick as possible!
The radroach is heavily wounded.
You block the radroach's attack. The radroach barely misses you.
You hit the radroach.
The radroach looks as sick as possible!
The radroach is heavily wounded.
You barely miss the radroach.
The radroach is heavily wounded.
The radroach closely misses you. You block the radroach's attack.
You barely miss the radroach.
The radroach is heavily wounded.
You block the radroach's attack. x2
You slash the radroach!
The radroach looks as sick as possible!
The radroach is severely wounded.
The radroach erupts in a fountain of uncontrolled magic!
You are blasted with magical radiation!!
You are lightly contaminated with residual magic.
35681 ||| READING 3 scrolls of teleportation.
As you read the scroll of teleportation, it crumbles to dust.
You feel strangely unstable.
The radroach erupts in a fountain of uncontrolled magic!
You are blasted with magical radiation!!
You die...

# ###### ##.
...... #...
#...... ##.^)
.......
#.....##B......
#......@#
........%......
.......^#.....^
........#...##.
.....#... ...#
^........ ...#
^... .... #...
.........^ ...


You could see a radroach (extremely poisoned).

Vanquished Creatures
  Mara (Shoals:3)
  Jorgrun (D:15)
  Frances (D:13)
  Polyphemus (Shoals:2)
  Agnes (Spider:2)
  Kirke (D:15)
  Roxanne (D:14)
  An orc warlord (Orc:2)
  Louise (Spider:3)
  2 ghost moths
  2 broodmothers (Spider:1)
  A stone giant (D:15)
  Nessos (D:15)
  6 entropy weavers
  A minotaur (Gauntlet)
  Snorg (Lair:4)
  2 merfolk impalers (Shoals:3)
  Josephine (D:15)
  6 hydras
  5 boulder beetles
  An alligator snapping turtle (Shoals:1)
  An ice dragon (Lair:5)
  Erica (D:8)
  A centaur warrior (Shoals:1)
  4 catoblepae
  An ogre mage (D:15)
  3 merfolk aquamancers
  6 radroaches
  7 two-headed ogres
  9 death yaks
  2 tengu warriors (D:15)
  Amaemon (Lair:2)
  4 orc high priests (Orc:2)
  3 skeletal warriors (D:14)
  5 orb spiders
  5 pharaoh ants
  6 steelbarb worms
  4 sea snakes
  2 wizards
  4 harpies (Shoals:3)
  7 orc knights
  3 deep elf pyromancers
  20 wolf spiders
  A necromancer (D:13)
  5 orc sorcerers
  An oklob plant (Lair:3)
  A mana viper (shapeshifter) (Gauntlet)
  9 manticores
  9 cyclopes
  14 ugly things
  A guardian serpent (shapeshifter) (D:14)
  2 merfolk sirens
  4 elephants (Lair:4)
  19 cane toads
  2 water nymphs (Shoals:3)
  4 black mambas
  An orange demon (Lair:2)
  A gargoyle (D:12)
  Maurice (Orc:2)
  A torpor snail (Spider:2)
  2 unseen horrors (D:11)
  Psyche (D:8)
  Maggie (Lair:1)
  A tengu conjurer (D:13)
  9 demonic crawlers
  An efreet (D:14)
  4 komodo dragons
  19 merfolk
  7 trolls
  6 hornets (Lair:5)
  A queen bee (Lair:4)
  2 polar bears (Lair:5)
  4 tyrant leeches (Lair:5)
  5 meliai
  17 tarantellas
  A wind drake (Shoals:1)
  A hornet (shapeshifter) (D:14)
  A blink frog (shapeshifter) (D:10)
  14 dream sheep
  Prince Ribbit (D:8)
  10 slime creatures
  A snapping turtle (Shoals:3)
  18 blink frogs
  6 shadows
  28 jumping spiders
  19 culicivoras
  2 wyverns
  8 water elementals
  8 wraiths
  32 yaks
  5 basilisks
  8 vampire mosquitoes
  4 hogs (D:15)
  4 steam dragons
  23 redbacks
  2 wargs
  18 water moccasins
  A water moccasin (shapeshifter) (Gauntlet)
  2 acid dragons
  4 ice beasts
  2 sky beasts
  27 orc warriors
  A black bear (D:7)
  11 ogres
  7 wolves
  10 centaurs
  A phantom (D:7)
  2 elf zombies (Ossuary)
  2 kobold brigands
  15 bullfrogs
  A gnoll sergeant (D:7)
  9 scorpions
  7 wights
  24 killer bees
  10 howler monkeys
  A howler monkey (shapeshifter) (Gauntlet)
  3 electric eels
  A lava snake (D:7)
  2 centaur zombies (Ossuary)
  3 hounds
  A human zombie (Ossuary)
  6 jellies
  21 orc priests
  A gnoll bouda (D:7)
  3 iguanas
  34 orc wizards
  2 mummies (Ossuary)
  9 gnolls
  4 adders
  A shadow imp (D:7)
  3 white imps
  An ufetubus (D:7)
  An adder zombie (Ossuary)
  A worm zombie (D:5)
  7 worms
  A dart slug (D:4)
  97 orcs
  2 endoplasms
  4 giant cockroaches
  3 goblins
  7 hobgoblins
  8 jackals
  11 kobolds
  4 quokkas
  5 ball pythons
  8 bats
  A frilled lizard (D:3)
  A goblin zombie (Ossuary)
  8 hobgoblin zombies (Ossuary)
  15 kobold zombies (Ossuary)
  5 orc zombies (Ossuary)
  2 rats
  A rat zombie (Ossuary)
931 creatures vanquished.

Vanquished Creatures (others)
  29 fungi
  67 plants
  14 withered plants (Gauntlet)
110 creatures vanquished.

Grand Total: 1041 creatures vanquished

Notes
Turn   | Place    | Note
-------+----------+-------------------------------------------
     0 | D:1      | qw the Gargoyle Fighter began the quest for the Orb.
     0 | D:1      | Reached XP level 1. HP: 14/14 MP: 1/1
     0 | D:1      | 0 ||| qw: Version: 0.1-a-116-g5d60599
     0 | D:1      | 0 ||| qw: Game counter: 7692
     0 | D:1      | 0 ||| qw: Always use a shield: true
     0 | D:1      | 0 ||| qw: God list: Okawaru
     0 | D:1      | 0 ||| qw: Allow faded altars: false
     0 | D:1      | 0 ||| qw: Do Orc after D:15 true
     0 | D:1      | 0 ||| qw: Do second Lair branch before Depths: true
     0 | D:1      | 0 ||| qw: Lair rune preference: random
     0 | D:1      | 0 ||| qw: Plans: Normal, Zot, God:TSO, Crypt, Tomb, Zig,
                  | Orb
     0 | D:1      | 0 ||| PLANNING D:1-11
   330 | D:1      | Reached XP level 2. HP: 19/19 MP: 2/2
   360 | D:1      | 360 ||| Stepping ~*~*~tactically~*~*~ (stealth).
   361 | D:1      | 361 ||| Stepping ~*~*~tactically~*~*~ (stealth).
   829 | D:1      | 829 ||| READING scroll labelled LUOK QITIR.
   833 | D:1      | 833 ||| READING scroll labelled HULA MU NUICU.
   834 | D:1      | 834 ||| READING scroll labelled GOR OLAIPREEX.
   986 | D:2      | Found a faded altar of an unknown god.
  1004 | D:2      | 1004 ||| STAIRDANCE
  1106 | D:1      | 1106 ||| READING scroll labelled BYDDOTR LASAD.
  1107 | D:1      | 1107 ||| DRINKING 3 puce potions.
  1121 | D:2      | Reached skill level 3 in Axes
  1122 | D:2      | 1122 ||| Stepping randomly (stuck).
  1123 | D:2      | 1123 ||| Stepping randomly (stuck).
  1124 | D:2      | 1124 ||| Stepping randomly (stuck).
  1125 | D:2      | 1125 ||| Stepping randomly (stuck).
  1133 | D:2      | Reached XP level 3. HP: 23/23 MP: 3/3
  1191 | D:2      | Found Untoally's Assorted Antiques.
  1196 | D:2      | 1196 ||| BUYING golden potion (23 gold).
  1196 | D:2      | Bought a golden potion for 23 gold pieces
  1196 | D:2      | 1196 ||| SHOPLISTING potion of curing (78 gold, have 61).
  1196 | D:2      | 1196 ||| BUYING scroll labelled WEOSAI YPAZXACK (26 gold).
  1196 | D:2      | Bought a scroll labelled WEOSAI YPAZXACK for 26 gold pieces
  1196 | D:2      | 1196 ||| BUYING scroll labelled YTIGAO INNO (26 gold).
  1196 | D:2      | Bought a scroll labelled YTIGAO INNO for 26 gold pieces
  1196 | D:2      | 1196 ||| SHOPLISTING scroll labelled YTIGAO INNO (26 gold,
                  | have 9).
  1196 | D:2      | 1196 ||| SHOPLISTING scroll of blinking (195 gold, have 9).
  1196 | D:2      | 1196 ||| SHOPLISTING scroll of identify (52 gold, have 9).
  1565 | D:2      | 1565 ||| READING scroll labelled WEOSAI YPAZXACK.
  1566 | D:2      | 1566 ||| READING scroll labelled YTIGAO INNO.
  1567 | D:2      | 1567 ||| READING scroll labelled HUIRUVACEAM.
  1568 | D:2      | 1568 ||| DRINKING 2 glowing sapphire potions.
  1569 | D:2      | 1569 ||| DRINKING 2 golden potions.
  1587 | D:3      | 1587 ||| STAIRDANCE
  1638 | D:3      | 1638 ||| STAIRDANCE
  1680 | D:2      | 1680 ||| DROPPING +0 club.
  1684 | D:3      | 1684 ||| STAIRDANCE
  1720 | D:3      | 1720 ||| STAIRDANCE
  1791 | D:3      | 1791 ||| Stepping ~*~*~tactically~*~*~ (hiding).
  1805 | D:3      | Reached XP level 4. HP: 25/28 MP: 4/4
  1962 | D:3      | 1962 ||| READING scroll of enchant weapon.
  1962 | D:3      | 1962 ||| ENCHANTING +1 war axe of protection.
  1974 | D:3      | Identified the +8 spear of Leuceir {venom, Contam +Blink
                  | Str+6 SInv}
  2760 | D:3      | 2760 ||| READING scroll labelled BUIHABAACIU.
  2760 | D:3      | Identified a scroll of acquirement
  2760 | D:3      | 2760 ||| ACQUIRING +5 broad axe "Xiubacw" {vorpal, rF+}
  2760 | D:3      | Acquired the +5 broad axe "Xiubacw" {vorpal, rF+}
  2762 | D:3      | 2762 ||| SWAPPING to +5 broad axe "Xiubacw" {vorpal, rF+}.
  2763 | D:3      | 2763 ||| DROPPING +2 war axe of protection.
  2764 | D:3      | 2764 ||| READING scroll labelled CUURURESAT.
  2765 | D:3      | 2765 ||| READING scroll labelled FAMIPIBUAL.
  2766 | D:3      | 2766 ||| DRINKING 2 fuming yellow potions.
  2766 | D:3      | Gained mutation: Your mind is acute. (Int +4, Str/Dex -1)
                  | [potion of mutation]
  2766 | D:3      | Gained mutation: You sometimes lose your temper in combat.
                  | [potion of mutation]
  2767 | D:3      | 2767 ||| DRINKING potion of mutation.
  2767 | D:3      | Lost mutation: You sometimes lose your temper in combat.
                  | [potion of mutation]
  2767 | D:3      | Lost mutation: Your mind is acute. (Int +4, Str/Dex -1)
                  | [potion of mutation]
  2767 | D:3      | Gained mutation: You are strong-willed. (Will+) [potion of
                  | mutation]
  2768 | D:3      | 2768 ||| READING 4 scrolls of identify.
  2768 | D:3      | 2768 ||| IDENTIFYING smoky blue potion
  2769 | D:3      | 2769 ||| READING 3 scrolls of identify.
  2769 | D:3      | 2769 ||| IDENTIFYING bubbling emerald potion
  2795 | D:4      | Reached XP level 5. HP: 19/32 MP: 5/5
  3068 | D:4      | Identified the +1 leather armour of Generosity {Dex+4}
  3070 | D:4      | 3070 ||| DROPPING +0 mace.
  3208 | D:4      | 3208 ||| FLEEEEING.
  3209 | D:4      | 3209 ||| FLEEEEING.
  3210 | D:4      | 3210 ||| FLEEEEING.
  3211 | D:4      | 3211 ||| FLEEEEING.
  3212 | D:4      | 3212 ||| FLEEEEING.
  3213 | D:4      | 3213 ||| FLEEEEING.
  3214 | D:4      | 3214 ||| FLEEEEING.
  3215 | D:4      | 3215 ||| FLEEEEING.
  3216 | D:4      | 3216 ||| FLEEEEING.
  3217 | D:4      | 3217 ||| FLEEEEING.
  3218 | D:4      | 3218 ||| FLEEEEING.
  3219 | D:4      | 3219 ||| FLEEEEING.
  3220 | D:4      | 3220 ||| FLEEEEING.
  3224 | D:4      | 3224 ||| FLEEEEING.
  3225 | D:4      | 3225 ||| FLEEEEING.
  3226 | D:4      | 3226 ||| FLEEEEING.
  3227 | D:4      | 3227 ||| FLEEEEING.
  3228 | D:4      | 3228 ||| FLEEEEING.
  3229 | D:4      | 3229 ||| FLEEEEING.
  3232 | D:4      | 3232 ||| FLEEEEING.
  3233 | D:4      | 3233 ||| FLEEEEING.
  3234 | D:4      | 3234 ||| FLEEEEING.
  3235 | D:4      | 3235 ||| STAIRDANCE
  3267 | D:3      | 3267 ||| DROPPING +1 leather armour of Generosity {Dex+4}.
  3272 | D:4      | Found a sacrificial altar of Ru.
  3342 | D:4      | Reached XP level 6. HP: 38/38 MP: 6/6
  3393 | D:4      | Found an opulent altar of Gozag.
  3515 | D:4      | Found a glowing golden altar of the Shining One.
  3600 | D:4      | Reached skill level 1 in Dodging
  4010 | D:4      | 4010 ||| UPGRADING to +0 pair of boots.
  4015 | D:4      | 4015 ||| READING 3 scrolls labelled ACZURIKHLAI.
  4016 | D:4      | 4016 ||| DRINKING 2 bubbling brown potions.
  4017 | D:4      | 4017 ||| DROPPING potion of brilliance.
  4018 | D:4      | 4018 ||| DROPPING 2 scrolls of amnesia.
  4066 | D:5      | Entered Level 5 of the Dungeon
  4067 | D:5      | 4067 ||| PLANNING OSSUARY
  4125 | D:5      | Found a staircase to the Ecumenical Temple.
  4125 | D:5      | Noticed a water moccasin
  4126 | D:5      | 4126 ||| PLANNING TEMPLE
  4133 | D:5      | Killed a water moccasin
  4134 | D:5      | Reached skill level 6 in Axes
  4134 | D:5      | Reached XP level 7. HP: 43/43 MP: 7/7
  4139 | Temple   | Entered the Ecumenical Temple
  4180 | Temple   | 4180 ||| PLANNING OSSUARY
  4233 | D:5      | Reached skill level 1 in Throwing
  4258 | D:5      | Found a stormy altar of Qazlal.
  4309 | D:5      | Found a sand-covered staircase.
  4310 | D:5      | 4310 ||| UPGRADING to +0 chain mail.
  4320 | D:5      | 4320 ||| DROPPING +0 scale mail.
  4335 | Ossuary  | Entered an ossuary
  4837 | Ossuary  | 4837 ||| DRINKING 2 yellow potions.
  4868 | Ossuary  | 4868 ||| DRINKING 2 black potions.
  4969 | Ossuary  | 4969 ||| DROPPING potion of ambrosia.
  4982 | D:5      | 4982 ||| PLANNING D:1-11
  5055 | D:5      | Reached XP level 8. HP: 47/49 MP: 8/8
  5145 | D:5      | 5145 ||| FLEEEEING.
  5146 | D:5      | 5146 ||| FLEEEEING.
  5147 | D:5      | 5147 ||| FLEEEEING.
  5148 | D:5      | 5148 ||| FLEEEEING.
  5149 | D:5      | 5149 ||| FLEEEEING.
  5150 | D:5      | 5150 ||| FLEEEEING.
  5151 | D:5      | 5151 ||| FLEEEEING.
  5152 | D:5      | 5152 ||| FLEEEEING.
  5153 | D:5      | 5153 ||| FLEEEEING.
  5154 | D:5      | 5154 ||| FLEEEEING.
  5155 | D:5      | 5155 ||| FLEEEEING.
  5156 | D:5      | 5156 ||| FLEEEEING.
  5157 | D:5      | 5157 ||| FLEEEEING.
  5158 | D:5      | 5158 ||| FLEEEEING.
  5159 | D:5      | 5159 ||| FLEEEEING.
  5160 | D:5      | 5160 ||| FLEEEEING.
  5161 | D:5      | 5161 ||| FLEEEEING.
  5162 | D:5      | 5162 ||| FLEEEEING.
  5163 | D:5      | 5163 ||| FLEEEEING.
  5164 | D:5      | 5164 ||| FLEEEEING.
  5165 | D:5      | 5165 ||| FLEEEEING.
  5166 | D:5      | 5166 ||| FLEEEEING.
  5167 | D:5      | 5167 ||| FLEEEEING.
  5168 | D:5      | 5168 ||| FLEEEEING.
  5169 | D:5      | 5169 ||| FLEEEEING.
  5170 | D:5      | 5170 ||| FLEEEEING.
  5171 | D:5      | 5171 ||| FLEEEEING.
  5172 | D:5      | 5172 ||| FLEEEEING.
  5173 | D:5      | 5173 ||| FLEEEEING.
  5174 | D:5      | 5174 ||| FLEEEEING.
  5175 | D:5      | 5175 ||| FLEEEEING.
  5177 | D:5      | 5177 ||| FLEEEEING.
  5178 | D:5      | 5178 ||| FLEEEEING.
  5179 | D:5      | 5179 ||| FLEEEEING.
  5183 | D:5      | Reached skill level 6 in Fighting
  5359 | D:5      | Noticed a shadow
  5360 | D:5      | Found a shadowy altar of Dithmenos.
  5361 | D:5      | Found a hazy altar of Hepliaklqana.
  5758 | D:5      | 5758 ||| DROPPING +0 flail.
  5812 | D:5      | Found a broken altar of Ashenzari.
  5838 | D:5      | 5838 ||| Stepping ~*~*~tactically~*~*~ (hiding).
  5958 | D:5      | Identified the ring "Jety" {rPois Will+ MP+9}
  6182 | D:5      | 6182 ||| UPGRADING to ring "Jety" {rPois Will+ MP+9}.
  6243 | D:5      | 6243 ||| DROPPING ring of wizardry.
  6282 | D:6      | 6282 ||| Stepping ~*~*~tactically~*~*~ (hiding).
  6286 | D:6      | 6286 ||| STAIRDANCE
  6290 | D:5      | Reached XP level 9. HP: 35/55 MP: 9/9
  6408 | D:6      | Reached skill level 9 in Axes
  6462 | D:6      | Identified the +1 chain mail of the Blacksmith {Harm Int-4
                  | Stlth+}
  6479 | D:6      | Found Pakhlomm's Distillery.
  6509 | D:6      | 6509 ||| BUYING potion of curing (33 gold).
  6509 | D:6      | Bought a potion of curing for 33 gold pieces
  6509 | D:6      | 6509 ||| BUYING potion of curing (33 gold).
  6509 | D:6      | Bought a potion of curing for 33 gold pieces
  6509 | D:6      | 6509 ||| BUYING potion of curing (33 gold).
  6509 | D:6      | Bought a potion of curing for 33 gold pieces
  6509 | D:6      | 6509 ||| BUYING potion of heal wounds (55 gold).
  6509 | D:6      | Bought a potion of heal wounds for 55 gold pieces
  6509 | D:6      | 6509 ||| BUYING potion of lignification (33 gold).
  6509 | D:6      | Bought a potion of lignification for 33 gold pieces
  6516 | D:6      | 6516 ||| Stepping ~*~*~tactically~*~*~ (hiding).
  6517 | D:6      | 6517 ||| Stepping ~*~*~tactically~*~*~ (hiding).
  6906 | D:6      | 6906 ||| DROPPING +0 scale mail of cold resistance.
  6907 | D:6      | 6907 ||| UPGRADING to +4 ring of evasion.
  6908 | D:6      | 6908 ||| UPGRADING to ring of protection from cold.
  6910 | D:6      | 6910 ||| READING scroll labelled CANALA HOGELU.
  6929 | D:7      | 6929 ||| Stepping ~*~*~tactically~*~*~ (hiding).
  6931 | D:7      | 6931 ||| Stepping ~*~*~tactically~*~*~ (hiding).
  6943 | D:7      | 6943 ||| Stepping ~*~*~tactically~*~*~ (stealth).
  6962 | D:7      | 6962 ||| Stepping ~*~*~tactically~*~*~ (stealth).
  6963 | D:7      | 6963 ||| Stepping ~*~*~tactically~*~*~ (stealth).
  6968 | D:7      | 6968 ||| READING 2 scrolls of teleportation.
  7008 | D:7      | 7008 ||| Stepping ~*~*~tactically~*~*~ (stealth).
  7010 | D:7      | 7010 ||| Stepping ~*~*~tactically~*~*~ (stealth).
  7017 | D:7      | 7017 ||| Stepping ~*~*~tactically~*~*~ (hiding).
  7034 | D:7      | 7034 ||| Stepping ~*~*~tactically~*~*~ (stealth).
  7096 | D:7      | 7096 ||| Stepping ~*~*~tactically~*~*~ (stealth).
  7097 | D:7      | 7097 ||| Stepping ~*~*~tactically~*~*~ (hiding).
  7243 | D:7      | Found Wutiub's Distillery.
  7251 | D:7      | 7251 ||| BUYING 2 potions of attraction (72 gold).
  7251 | D:7      | Bought 2 potions of attraction for 72 gold pieces
  7251 | D:7      | 7251 ||| SHOPLISTING 2 potions of attraction (72 gold, have
                  | 20).
  7251 | D:7      | 7251 ||| SHOPLISTING potion of curing (36 gold, have 20).
  7251 | D:7      | 7251 ||| SHOPLISTING potion of heal wounds (60 gold, have
                  | 20).
  7251 | D:7      | 7251 ||| SHOPLISTING potion of might (48 gold, have 20).
  7251 | D:7      | 7251 ||| SHOPLISTING potion of mutation (96 gold, have 20).
  7281 | D:7      | 7281 ||| Stepping ~*~*~tactically~*~*~ (stealth).
  7312 | D:7      | 7312 ||| Stepping ~*~*~tactically~*~*~ (hiding).
  7313 | D:7      | 7313 ||| FLEEEEING.
  7316 | D:7      | 7316 ||| Stepping ~*~*~tactically~*~*~ (hiding).
  7320 | D:7      | 7320 ||| FLEEEEING.
  7321 | D:7      | 7321 ||| FLEEEEING.
  7322 | D:7      | 7322 ||| FLEEEEING.
  7323 | D:7      | 7323 ||| FLEEEEING.
  7324 | D:7      | 7324 ||| FLEEEEING.
  7325 | D:7      | 7325 ||| FLEEEEING.
  7326 | D:7      | 7326 ||| FLEEEEING.
  7327 | D:7      | 7327 ||| FLEEEEING.
  7328 | D:7      | 7328 ||| FLEEEEING.
  7329 | D:7      | 7329 ||| FLEEEEING.
  7501 | D:7      | 7501 ||| Stepping ~*~*~tactically~*~*~ (hiding).
  7518 | D:7      | Reached XP level 10. HP: 64/64 MP: 10/10
  7533 | D:7      | 7533 ||| Stepping ~*~*~tactically~*~*~ (stealth).
  7553 | D:7      | Identified the +0 leather armour of Unambiguity {rC- MP+9
                  | Slay+2}
  7588 | D:7      | 7588 ||| Stepping ~*~*~tactically~*~*~ (stealth).
  7591 | D:7      | Reached skill level 3 in Throwing
  7618 | D:7      | Noticed a cyclops
  7619 | D:7      | 7619 ||| FLEEEEING.
  7622 | D:7      | 7622 ||| FLEEEEING.
  7623 | D:7      | 7623 ||| FLEEEEING.
  7624 | D:7      | 7624 ||| FLEEEEING.
  7625 | D:7      | 7625 ||| FLEEEEING.
  7626 | D:7      | 7626 ||| FLEEEEING.
  7627 | D:7      | 7627 ||| FLEEEEING.
  7627 | D:7      | HP: 9/64 [cyclops/large rock (13)]
  7628 | D:7      | 7628 ||| FLEEEEING.
  7629 | D:7      | 7629 ||| FLEEEEING.
  7630 | D:7      | 7630 ||| FLEEEEING.
  7916 | D:7      | 7916 ||| Stepping ~*~*~tactically~*~*~ (stealth).
  7917 | D:7      | 7917 ||| Stepping ~*~*~tactically~*~*~ (stealth).
  7965 | D:7      | 7965 ||| Stepping ~*~*~tactically~*~*~ (stealth).
  7990 | D:7      | 7990 ||| Stepping ~*~*~tactically~*~*~ (hiding).
  8070 | D:7      | Found an ancient bone altar of Kikubaaqudgha.
  8098 | D:7      | 8098 ||| Stepping ~*~*~tactically~*~*~ (hiding).
  8176 | D:7      | 8176 ||| Stepping ~*~*~tactically~*~*~ (stealth).
  8214 | D:7      | 8214 ||| UPGRADING to +0 plate armour.
  8223 | D:7      | 8223 ||| Stepping ~*~*~tactically~*~*~ (hiding).
  8224 | D:7      | 8224 ||| Stepping ~*~*~tactically~*~*~ (hiding).
  8225 | D:7      | 8225 ||| Stepping ~*~*~tactically~*~*~ (hiding).
  8247 | D:7      | 8247 ||| UPGRADING to +0 plate armour.
  8252 | D:7      | 8252 ||| DROPPING +0 chain mail.
  8253 | D:7      | 8253 ||| DROPPING +1 chain mail of the Blacksmith {Harm
                  | Int-4 Stlth+}.
  8305 | D:7      | 8305 ||| Stepping ~*~*~tactically~*~*~ (stealth).
  8354 | D:7      | 8354 ||| Stepping ~*~*~tactically~*~*~ (hiding).
  8580 | D:7      | Noticed a manticore
  8593 | D:7      | HP: 14/64 [manticore (10)]
  8594 | D:7      | 8594 ||| READING scroll of teleportation.
  8595 | D:7      | 8595 ||| DRINKING 4 potions of heal wounds.
  8596 | D:7      | Killed a manticore
  8597 | D:7      | Reached skill level 6 in Armour
  8969 | D:7      | 8969 ||| UPGRADING to +3 plate armour of fire resistance.
  8979 | D:7      | 8979 ||| DROPPING +0 plate armour.
  9191 | D:7      | 9191 ||| FLEEEEING.
  9192 | D:7      | 9192 ||| FLEEEEING.
  9208 | D:7      | 9208 ||| FLEEEEING.
  9210 | D:7      | 9210 ||| FLEEEEING.
  9211 | D:7      | 9211 ||| FLEEEEING.
  9212 | D:7      | 9212 ||| FLEEEEING.
  9213 | D:7      | 9213 ||| FLEEEEING.
  9214 | D:7      | 9214 ||| FLEEEEING.
  9228 | D:7      | 9228 ||| FLEEEEING.
  9250 | D:7      | 9250 ||| FLEEEEING.
  9251 | D:7      | 9251 ||| FLEEEEING.
  9252 | D:7      | 9252 ||| FLEEEEING.
  9254 | D:7      | 9254 ||| FLEEEEING.
  9268 | D:7      | Killed a cyclops
  9352 | D:7      | 9352 ||| READING scroll labelled DORUYSO TOGOA.
  9406 | D:8      | 9406 ||| Stepping ~*~*~tactically~*~*~ (hiding).
  9409 | D:8      | Noticed Prince Ribbit
  9418 | D:8      | Killed Prince Ribbit
  9502 | D:8      | 9502 ||| Stepping ~*~*~tactically~*~*~ (stealth).
  9555 | D:8      | 9555 ||| Stepping ~*~*~tactically~*~*~ (stealth).
  9562 | D:8      | 9562 ||| Stepping ~*~*~tactically~*~*~ (stealth).
  9677 | D:8      | Noticed Psyche
  9685 | D:8      | Killed Psyche
  9814 | D:8      | Noticed Erica
  9820 | D:8      | 9820 ||| DRINKING 11 potions of curing.
  9820 | D:8      | 9820 ||| (to cure confusion)
  9828 | D:8      | 9828 ||| DRINKING 10 potions of curing.
  9828 | D:8      | 9828 ||| (to cure confusion)
  9834 | D:8      | Killed Erica
  9835 | D:8      | Reached skill level 9 in Fighting
  9982 | D:8      | Found a burning altar of Makhleb.
 10047 | D:8      | 10047 ||| Stepping ~*~*~tactically~*~*~ (stealth).
 10055 | D:8      | Reached XP level 11. HP: 71/71 MP: 11/11
 10056 | D:8      | Noticed a two-headed ogre
 10062 | D:8      | Killed a two-headed ogre
 10202 | D:8      | 10202 ||| UPGRADING to +0 pair of gloves.
 10207 | D:8      | 10207 ||| READING 8 scrolls of identify.
 10207 | D:8      | 10207 ||| IDENTIFYING fuming golden potion
 10208 | D:8      | 10208 ||| DROPPING potion of degeneration.
 10239 | D:9      | You fall into a shaft and drop 1 floor!
 10239 | D:10     | Entered Level 10 of the Dungeon
 10239 | D:10     | Found a staircase to the Lair.
 10266 | D:10     | 10266 ||| Stepping ~*~*~tactically~*~*~ (stealth).
 10268 | D:10     | 10268 ||| Stepping ~*~*~tactically~*~*~ (stealth).
 10313 | D:10     | 10313 ||| Stepping randomly (stuck).
 10367 | D:10     | Found a shimmering altar of Xom.
 10478 | D:9      | 10478 ||| Stepping ~*~*~tactically~*~*~ (hiding).
 10479 | D:9      | 10479 ||| Stepping ~*~*~tactically~*~*~ (hiding).
 10657 | D:9      | Found a staircase to the Orcish Mines.
 10659 | D:9      | 10659 ||| Stepping ~*~*~tactically~*~*~ (hiding).
 10673 | D:9      | 10673 ||| FLEEEEING.
 10674 | D:9      | 10674 ||| FLEEEEING.
 10675 | D:9      | 10675 ||| FLEEEEING.
 10679 | D:9      | 10679 ||| FLEEEEING.
 10683 | D:9      | 10683 ||| FLEEEEING.
 10684 | D:9      | 10684 ||| FLEEEEING.
 10685 | D:9      | 10685 ||| FLEEEEING.
 10686 | D:9      | 10686 ||| FLEEEEING.
 10687 | D:9      | 10687 ||| FLEEEEING.
 10699 | D:9      | 10699 ||| Stepping ~*~*~tactically~*~*~ (hiding).
 10720 | D:9      | 10720 ||| FLEEEEING.
 10723 | D:9      | 10723 ||| FLEEEEING.
 10724 | D:9      | 10724 ||| STAIRDANCE
 10821 | D:9      | 10821 ||| DROPPING +0 morningstar.
 10876 | D:9      | 10876 ||| Stepping ~*~*~tactically~*~*~ (hiding).
 10884 | D:9      | 10884 ||| Stepping ~*~*~tactically~*~*~ (stealth).
 10895 | D:9      | 10895 ||| Stepping ~*~*~tactically~*~*~ (stealth).
 11053 | D:9      | 11053 ||| Stepping ~*~*~tactically~*~*~ (stealth).
 11055 | D:9      | 11055 ||| Stepping ~*~*~tactically~*~*~ (hiding).
 11063 | D:9      | 11063 ||| Stepping ~*~*~tactically~*~*~ (stealth).
 11136 | D:9      | 11136 ||| Stepping ~*~*~tactically~*~*~ (hiding).
 11139 | D:9      | 11139 ||| Stepping ~*~*~tactically~*~*~ (hiding).
 11143 | D:9      | Reached skill level 12 in Axes
 11361 | D:10     | Found a sparkling altar of Nemelex Xobeh.
 11415 | D:10     | 11415 ||| READING scroll of enchant armour.
 11415 | D:10     | 11415 ||| ENCHANTING +3 plate armour of fire resistance.
 11433 | D:10     | Found an iron altar of Okawaru.
 11489 | D:10     | 11489 ||| Stepping ~*~*~tactically~*~*~ (stealth).
 11616 | D:10     | Became a worshipper of Warmaster Okawaru
 11633 | D:11     | Noticed a two-headed ogre
 11641 | D:11     | Killed a two-headed ogre
 11642 | D:11     | Reached skill level 6 in Shields
 11645 | D:11     | Reached * piety under Okawaru
 11648 | D:11     | 11648 ||| FLEEEEING.
 11649 | D:11     | 11649 ||| STAIRDANCE
 11661 | D:11     | 11661 ||| INVOKING Heroism.
 11679 | D:11     | 11679 ||| STAIRDANCE
 11751 | D:11     | Noticed a boulder beetle
 11752 | D:11     | 11752 ||| INVOKING Heroism.
 11764 | D:11     | 11764 ||| INVOKING Heroism.
 11773 | D:11     | Killed a boulder beetle
 11774 | D:11     | Reached skill level 1 in Invocations
 12025 | D:11     | 12025 ||| Stepping ~*~*~tactically~*~*~ (hiding).
 12026 | D:11     | 12026 ||| Stepping ~*~*~tactically~*~*~ (hiding).
 12028 | D:11     | 12028 ||| INVOKING Heroism.
 12039 | D:11     | 12039 ||| Stepping ~*~*~tactically~*~*~ (hiding).
 12158 | D:11     | 12158 ||| INVOKING Heroism.
 12165 | D:11     | Reached skill level 9 in Armour
 12393 | D:11     | Noticed a cyclops
 12394 | D:11     | 12394 ||| FLEEEEING.
 12395 | D:11     | 12395 ||| FLEEEEING.
 12396 | D:11     | 12396 ||| FLEEEEING.
 12397 | D:11     | 12397 ||| FLEEEEING.
 12398 | D:11     | 12398 ||| FLEEEEING.
 12405 | D:11     | 12405 ||| INVOKING Heroism.
 12410 | D:11     | Noticed a cyclops
 12411 | D:11     | Killed a cyclops
 12412 | D:11     | Reached skill level 3 in Invocations
 12420 | D:11     | 12420 ||| INVOKING Heroism.
 12422 | D:11     | Killed a cyclops
 12422 | D:11     | Reached ** piety under Okawaru
 12598 | D:11     | 12598 ||| PLANNING LAIR
 12598 | D:11     | 12598 ||| UPGRADING to amulet of reflection.
 12654 | Lair:1   | Entered Level 1 of the Lair of Beasts
 12655 | Lair:1   | 12655 ||| INVOKING Heroism.
 12663 | Lair:1   | Reached XP level 12. HP: 77/77 MP: 11/14
 12808 | Lair:1   | Noticed Maggie
 12809 | Lair:1   | 12809 ||| Stepping ~*~*~tactically~*~*~ (hiding).
 12818 | Lair:1   | Killed Maggie
 12931 | Lair:1   | 12931 ||| INVOKING Heroism.
 12942 | Lair:1   | Reached *** piety under Okawaru
 13211 | Lair:1   | Noticed a catoblepas
 13212 | Lair:1   | 13212 ||| Stepping ~*~*~tactically~*~*~ (hiding).
 13214 | Lair:1   | 13214 ||| Stepping ~*~*~tactically~*~*~ (hiding).
 13215 | Lair:1   | 13215 ||| INVOKING Heroism.
 13223 | Lair:1   | Killed a catoblepas
 13324 | Lair:1   | 13324 ||| Stepping ~*~*~tactically~*~*~ (stealth).
 13346 | Lair:1   | 13346 ||| INVOKING Heroism.
 13364 | Lair:1   | Reached **** piety under Okawaru
 13984 | Lair:2   | Found a gate leading to a gauntlet.
 13985 | Lair:2   | 13985 ||| PLANNING GAUNTLET
 13985 | Lair:2   | 13985 ||| STAIRDANCE
 14020 | Gauntlet | Entered a Gauntlet
 14020 | Gauntlet | Found a transporter.
 14023 | Gauntlet | Found a transporter.
 14040 | Gauntlet | Found a transporter.
 14041 | Gauntlet | Found a transporter.
 14051 | Gauntlet | Noticed a radroach
 14051 | Gauntlet | Found a transporter.
 14063 | Gauntlet | Noticed a spark wasp
 14063 | Gauntlet | a radroach changed into a spark wasp
 14066 | Gauntlet | Noticed a quicksilver ooze
 14066 | Gauntlet | a spark wasp changed into a quicksilver ooze
 14067 | Gauntlet | a quicksilver ooze changed into a tyrant leech
 14068 | Gauntlet | Noticed a great orb of eyes
 14069 | Gauntlet | Noticed a great orb of eyes
 14069 | Gauntlet | a tyrant leech changed into a great orb of eyes
 14071 | Gauntlet | Found a transporter.
 14075 | Gauntlet | a great orb of eyes changed into a snapping turtle
 14084 | Gauntlet | Found a transporter.
 14104 | Gauntlet | Found a transporter.
 14108 | Gauntlet | Found a transporter.
 14116 | Gauntlet | Found a transporter.
 14141 | Gauntlet | Noticed a reaper
 14142 | Gauntlet | Found a transporter.
 14143 | Gauntlet | Found a transporter.
 14210 | Gauntlet | 14210 ||| Stepping randomly (stuck).
 14211 | Gauntlet | 14211 ||| Stepping randomly (stuck).
 14315 | Gauntlet | Identified the ring of Oninievi {*Slow rElec rPois rF+
                  | Dex+4}
 14329 | Gauntlet | Received a gift from Okawaru
 14389 | Gauntlet | Identified the +0 hat of the Tundras {rElec rN+ Int+4
                  | Dex-2}
 14391 | Gauntlet | 14391 ||| DROPPING +0 hat of the Tundras {rElec rN+ Int+4
                  | Dex-2}.
 14402 | Gauntlet | Noticed a minotaur
 14403 | Gauntlet | 14403 ||| Stepping ~*~*~tactically~*~*~ (stealth).
 14405 | Gauntlet | 14405 ||| INVOKING Heroism.
 14424 | Gauntlet | Killed a minotaur
 14424 | Gauntlet | Received a gift from Okawaru
 14653 | Lair:2   | 14653 ||| PLANNING LAIR
 14680 | Lair:2   | Noticed a six-headed hydra
 14681 | Lair:2   | 14681 ||| INVOKING Heroism.
 14683 | Lair:2   | 14683 ||| SWAPPING to +5 morningstar.
 14688 | Lair:2   | Killed a six-headed hydra
 14689 | Lair:2   | Reached skill level 6 in Invocations
 14689 | Lair:2   | 14689 ||| SWAPPING to +5 broad axe "Xiubacw" {vorpal, rF+}.
 14890 | Lair:2   | Found a staircase to the Shoals.
 14891 | Lair:2   | 14891 ||| Stepping ~*~*~tactically~*~*~ (hiding).
 14892 | Lair:2   | 14892 ||| Stepping ~*~*~tactically~*~*~ (hiding).
 14907 | Lair:2   | Reached XP level 13. HP: 80/82 MP: 16/18
 14986 | Lair:2   | 14986 ||| INVOKING Heroism.
 15020 | Lair:2   | 15020 ||| Stepping ~*~*~tactically~*~*~ (stealth).
 15022 | Lair:2   | 15022 ||| Stepping ~*~*~tactically~*~*~ (stealth).
 15023 | Lair:2   | Noticed Amaemon
 15024 | Lair:2   | 15024 ||| Stepping ~*~*~tactically~*~*~ (hiding).
 15030 | Lair:2   | 15030 ||| INVOKING Heroism.
 15045 | Lair:2   | Killed Amaemon
 15045 | Lair:2   | Reached ***** piety under Okawaru
 15054 | Lair:2   | 15054 ||| DROPPING +5 morningstar.
 15359 | Lair:2   | 15359 ||| INVOKING Heroism.
 15445 | Lair:2   | 15445 ||| DROPPING ring "Jety" {rPois Will+ MP+9}.
 15541 | Lair:3   | 15541 ||| READING scroll of enchant armour.
 15541 | Lair:3   | 15541 ||| ENCHANTING +4 plate armour of fire resistance.
 15543 | Lair:3   | 15543 ||| INVOKING Heroism.
 15544 | Lair:3   | 15544 ||| INVOKING Finesse.
 15545 | Lair:3   | Found a burning altar of Makhleb.
 15556 | Lair:3   | 15556 ||| READING scroll of teleportation.
 15919 | Lair:3   | Found a hole to the Spider Nest.
 15920 | Lair:3   | 15920 ||| Stepping ~*~*~tactically~*~*~ (stealth).
 15921 | Lair:3   | 15921 ||| Stepping ~*~*~tactically~*~*~ (stealth).
 15964 | Lair:3   | 15964 ||| INVOKING Heroism.
 16537 | Lair:3   | 16537 ||| UPGRADING to +4 ring of protection.
 16539 | Lair:3   | 16539 ||| DROPPING ring of willpower.
 16540 | Lair:3   | 16540 ||| DROPPING ring of protection from cold.
 16541 | Lair:3   | 16541 ||| READING scroll labelled GEOFUG QU TOV.
 16572 | Lair:4   | 16572 ||| INVOKING Heroism.
 16699 | Lair:4   | 16699 ||| Stepping ~*~*~tactically~*~*~ (stealth).
 16700 | Lair:4   | Noticed Snorg
 16701 | Lair:4   | 16701 ||| Stepping ~*~*~tactically~*~*~ (stealth).
 16703 | Lair:4   | 16703 ||| Stepping ~*~*~tactically~*~*~ (stealth).
 16715 | Lair:4   | 16715 ||| INVOKING Heroism.
 16739 | Lair:4   | 16739 ||| INVOKING Finesse.
 16747 | Lair:4   | Received a gift from Okawaru
 16756 | Lair:4   | Reached skill level 9 in Invocations
 16761 | Lair:4   | 16761 ||| INVOKING Heroism.
 16775 | Lair:4   | Killed Snorg
 16840 | Lair:4   | 16840 ||| Stepping ~*~*~tactically~*~*~ (stealth).
 16954 | Lair:4   | 16954 ||| DROPPING -2 demon whip of venom.
 16957 | Lair:4   | 16957 ||| Stepping ~*~*~tactically~*~*~ (stealth).
 16958 | Lair:4   | 16958 ||| Stepping ~*~*~tactically~*~*~ (stealth).
 16982 | Lair:4   | 16982 ||| Stepping ~*~*~tactically~*~*~ (stealth).
 17106 | Lair:4   | 17106 ||| INVOKING Heroism.
 17108 | Lair:4   | 17108 ||| INVOKING Finesse.
 17116 | Lair:4   | 17116 ||| Stepping ~*~*~tactically~*~*~ (stealth).
 17117 | Lair:4   | 17117 ||| SWAPPING to +2 hand axe of flaming.
 17126 | Lair:4   | 17126 ||| SWAPPING to +5 broad axe "Xiubacw" {vorpal, rF+}.
 17174 | Lair:4   | 17174 ||| SWAPPING to +2 hand axe of flaming.
 17177 | Lair:4   | 17177 ||| INVOKING Heroism.
 17188 | Lair:4   | 17188 ||| SWAPPING to +5 broad axe "Xiubacw" {vorpal, rF+}.
 17260 | Lair:4   | Identified the +0 cloak of Liwepnee {rPois}
 17349 | Lair:4   | 17349 ||| INVOKING Heroism.
 17669 | Lair:4   | 17669 ||| UPGRADING to +0 cloak of Liwepnee {rPois}.
 17674 | Lair:4   | 17674 ||| DROPPING +0 cloak.
 17675 | Lair:4   | 17675 ||| UPGRADING to +0 tower shield.
 17685 | Lair:4   | 17685 ||| DROPPING +0 buckler.
 17686 | Lair:4   | 17686 ||| READING 15 scrolls of identify.
 17686 | Lair:4   | 17686 ||| IDENTIFYING grey potion
 17687 | Lair:4   | 17687 ||| READING 14 scrolls of identify.
 17687 | Lair:4   | 17687 ||| IDENTIFYING white potion
 17705 | Lair:5   | Entered Level 5 of the Lair of Beasts
 17706 | Lair:5   | 17706 ||| STAIRDANCE
 17708 | Lair:4   | 17708 ||| INVOKING Heroism.
 17709 | Lair:4   | 17709 ||| INVOKING Finesse.
 17713 | Lair:4   | Received a gift from Okawaru
 17785 | Lair:4   | 17785 ||| DROPPING +2 hand axe of flaming.
 17788 | Lair:5   | 17788 ||| STAIRDANCE
 17790 | Lair:4   | 17790 ||| INVOKING Heroism.
 17791 | Lair:4   | 17791 ||| INVOKING Finesse.
 18016 | Lair:5   | 18016 ||| STAIRDANCE
 18018 | Lair:4   | 18018 ||| INVOKING Heroism.
 18020 | Lair:4   | Reached skill level 9 in Shields
 18025 | Lair:4   | Gained mutation: Your large and strong wings let you fly.
                  | [Gargoyle growth]
 18025 | Lair:4   | Reached XP level 14. HP: 64/90 MP: 19/21
 18131 | Lair:5   | 18131 ||| STAIRDANCE
 18173 | Lair:5   | 18173 ||| STAIRDANCE
 18175 | Lair:4   | 18175 ||| INVOKING Heroism.
 18241 | Lair:5   | 18241 ||| STAIRDANCE
 18249 | Lair:5   | 18249 ||| STAIRDANCE
 18325 | Lair:5   | 18325 ||| STAIRDANCE
 18329 | Lair:4   | Received a gift from Okawaru
 18370 | Lair:5   | 18370 ||| STAIRDANCE
 18403 | Lair:5   | 18403 ||| INVOKING Heroism.
 18453 | Lair:5   | 18453 ||| Stepping ~*~*~tactically~*~*~ (stealth).
 18461 | Lair:5   | 18461 ||| Stepping ~*~*~tactically~*~*~ (stealth).
 18497 | Lair:5   | 18497 ||| INVOKING Heroism.
 18498 | Lair:5   | 18498 ||| INVOKING Finesse.
 18500 | Lair:5   | 18500 ||| SWAPPING to +0 war axe of flaming.
 18510 | Lair:5   | 18510 ||| SWAPPING to +5 broad axe "Xiubacw" {vorpal, rF+}.
 18547 | Lair:5   | 18547 ||| Stepping ~*~*~tactically~*~*~ (stealth).
 18589 | Lair:5   | 18589 ||| FLEEEEING.
 18662 | Lair:5   | 18662 ||| Stepping ~*~*~tactically~*~*~ (stealth).
 18676 | Lair:5   | 18676 ||| Stepping ~*~*~tactically~*~*~ (stealth).
 18687 | Lair:5   | 18687 ||| Stepping ~*~*~tactically~*~*~ (stealth).
 18688 | Lair:5   | 18688 ||| Stepping ~*~*~tactically~*~*~ (stealth).
 18690 | Lair:5   | 18690 ||| INVOKING Heroism.
 18691 | Lair:5   | 18691 ||| SWAPPING to +0 war axe of flaming.
 18699 | Lair:5   | 18699 ||| SWAPPING to +5 broad axe "Xiubacw" {vorpal, rF+}.
 18742 | Lair:5   | 18742 ||| INVOKING Heroism.
 18745 | Lair:5   | Reached skill level 12 in Shields
 18785 | Lair:5   | 18785 ||| Stepping ~*~*~tactically~*~*~ (stealth).
 18889 | Lair:5   | Identified the +1 arbalest of Optimality {elec, MP+9}
 19048 | Lair:5   | 19048 ||| Stepping ~*~*~tactically~*~*~ (stealth).
 19169 | Lair:5   | 19169 ||| Stepping ~*~*~tactically~*~*~ (stealth).
 19172 | Lair:5   | 19172 ||| Stepping ~*~*~tactically~*~*~ (stealth).
 19198 | Lair:5   | 19198 ||| Stepping ~*~*~tactically~*~*~ (stealth).
 19280 | Lair:5   | Found a viscous altar of Jiyva.
 19280 | Lair:5   | Found a staircase to the Slime Pits.
 19474 | Lair:5   | 19474 ||| Stepping ~*~*~tactically~*~*~ (stealth).
 19515 | Lair:5   | 19515 ||| Stepping ~*~*~tactically~*~*~ (hiding).
 19521 | Lair:5   | 19521 ||| INVOKING Heroism.
 19522 | Lair:5   | 19522 ||| INVOKING Finesse.
 19767 | Lair:5   | 19767 ||| PLANNING D
 20038 | D:12     | 20038 ||| Stepping ~*~*~tactically~*~*~ (hiding).
 20039 | D:12     | 20039 ||| Stepping ~*~*~tactically~*~*~ (hiding).
 20232 | D:12     | 20232 ||| FLEEEEING.
 20233 | D:12     | 20233 ||| FLEEEEING.
 20234 | D:12     | 20234 ||| FLEEEEING.
 20235 | D:12     | 20235 ||| FLEEEEING.
 20236 | D:12     | 20236 ||| FLEEEEING.
 20237 | D:12     | 20237 ||| FLEEEEING.
 20238 | D:12     | 20238 ||| FLEEEEING.
 20239 | D:12     | 20239 ||| FLEEEEING.
 20240 | D:12     | 20240 ||| FLEEEEING.
 20242 | D:12     | 20242 ||| FLEEEEING.
 20247 | D:12     | 20247 ||| STAIRDANCE
 20263 | D:12     | 20263 ||| STAIRDANCE
 20265 | D:11     | 20265 ||| INVOKING Heroism.
 20266 | D:11     | 20266 ||| SWAPPING to +0 war axe of flaming.
 20274 | D:11     | 20274 ||| SWAPPING to +5 broad axe "Xiubacw" {vorpal, rF+}.
 20409 | D:12     | 20409 ||| STAIRDANCE
 20418 | D:12     | 20418 ||| STAIRDANCE
 20420 | D:11     | 20420 ||| INVOKING Heroism.
 20421 | D:11     | 20421 ||| INVOKING Finesse.
 20470 | D:12     | 20470 ||| STAIRDANCE
 20479 | D:12     | 20479 ||| STAIRDANCE
 20485 | D:12     | 20485 ||| Stepping ~*~*~tactically~*~*~ (hiding).
 20492 | D:12     | 20492 ||| INVOKING Heroism.
 20855 | D:13     | 20855 ||| INVOKING Heroism.
 20856 | D:13     | 20856 ||| INVOKING Finesse.
 20993 | D:13     | 20993 ||| INVOKING Heroism.
 21042 | D:13     | Found a gate to the Vaults.
 21044 | D:13     | 21044 ||| Stepping ~*~*~tactically~*~*~ (hiding).
 21126 | D:13     | 21126 ||| Stepping ~*~*~tactically~*~*~ (stealth).
 21162 | D:13     | 21162 ||| INVOKING Heroism.
 21163 | D:13     | 21163 ||| INVOKING Finesse.
 21258 | D:13     | 21258 ||| Stepping ~*~*~tactically~*~*~ (hiding).
 21394 | D:13     | 21394 ||| INVOKING Heroism.
 21408 | D:13     | Reached XP level 15. HP: 94/94 MP: 22/22
 21409 | D:13     | Reached skill level 15 in Shields
 21450 | D:13     | Noticed Frances
 21451 | D:13     | 21451 ||| Stepping ~*~*~tactically~*~*~ (hiding).
 21454 | D:13     | 21454 ||| INVOKING Heroism.
 21455 | D:13     | 21455 ||| INVOKING Finesse.
 21466 | D:13     | Killed Frances
 21466 | D:13     | Received a gift from Okawaru
 21579 | D:13     | 21579 ||| Stepping ~*~*~tactically~*~*~ (hiding).
 21958 | D:13     | 21958 ||| DROPPING ring of see invisible.
 21984 | D:14     | 21984 ||| STAIRDANCE
 22031 | D:14     | Noticed Roxanne
 22032 | D:14     | 22032 ||| INVOKING Heroism.
 22033 | D:14     | 22033 ||| INVOKING Finesse.
 22055 | D:14     | Killed Roxanne
 22234 | D:14     | 22234 ||| INVOKING Heroism.
 22455 | D:14     | 22455 ||| Stepping ~*~*~tactically~*~*~ (stealth).
 22463 | D:14     | 22463 ||| Stepping ~*~*~tactically~*~*~ (stealth).
 22475 | D:14     | 22475 ||| Stepping ~*~*~tactically~*~*~ (stealth).
 22476 | D:14     | 22476 ||| Stepping ~*~*~tactically~*~*~ (stealth).
 22479 | D:14     | 22479 ||| INVOKING Heroism.
 22541 | D:14     | 22541 ||| Stepping ~*~*~tactically~*~*~ (stealth).
 22542 | D:14     | 22542 ||| Stepping ~*~*~tactically~*~*~ (stealth).
 22561 | D:14     | 22561 ||| INVOKING Heroism.
 22585 | D:14     | 22585 ||| Stepping ~*~*~tactically~*~*~ (stealth).
 22759 | D:14     | 22759 ||| Stepping ~*~*~tactically~*~*~ (hiding).
 22852 | D:14     | 22852 ||| READING scroll labelled EPENUSMAUNG.
 22896 | D:15     | Entered Level 15 of the Dungeon
 22903 | D:15     | 22903 ||| Stepping ~*~*~tactically~*~*~ (hiding).
 22907 | D:15     | 22907 ||| Stepping ~*~*~tactically~*~*~ (hiding).
 22912 | D:15     | 22912 ||| INVOKING Heroism.
 22923 | D:15     | Reached skill level 15 in Axes
 23033 | D:15     | 23033 ||| Stepping ~*~*~tactically~*~*~ (stealth).
 23039 | D:15     | 23039 ||| INVOKING Heroism.
 23056 | D:15     | Noticed Josephine
 23061 | D:15     | Killed Josephine
 23154 | D:15     | Found an opulent altar of Gozag.
 23182 | D:15     | Noticed Nessos
 23183 | D:15     | 23183 ||| Stepping ~*~*~tactically~*~*~ (hiding).
 23185 | D:15     | 23185 ||| Stepping ~*~*~tactically~*~*~ (hiding).
 23187 | D:15     | 23187 ||| INVOKING Finesse.
 23188 | D:15     | Killed Nessos
 23262 | D:15     | 23262 ||| Stepping ~*~*~tactically~*~*~ (hiding).
 23383 | D:15     | 23383 ||| Stepping ~*~*~tactically~*~*~ (stealth).
 23385 | D:15     | 23385 ||| Stepping ~*~*~tactically~*~*~ (hiding).
 23393 | D:15     | 23393 ||| INVOKING Heroism.
 23402 | D:15     | Received a gift from Okawaru
 23406 | D:15     | 23406 ||| DROPPING +2 war axe of venom.
 23417 | D:15     | 23417 ||| Stepping ~*~*~tactically~*~*~ (hiding).
 23469 | D:15     | 23469 ||| FLEEEEING.
 23470 | D:15     | 23470 ||| FLEEEEING.
 23533 | D:15     | Noticed Kirke
 23534 | D:15     | 23534 ||| INVOKING Heroism.
 23535 | D:15     | 23535 ||| INVOKING Finesse.
 23553 | D:15     | Killed Kirke
 23718 | D:15     | 23718 ||| INVOKING Heroism.
 23809 | D:15     | Noticed Jorgrun
 23810 | D:15     | 23810 ||| Stepping ~*~*~tactically~*~*~ (hiding).
 23812 | D:15     | 23812 ||| INVOKING Heroism.
 23813 | D:15     | 23813 ||| INVOKING Finesse.
 23830 | D:15     | Killed Jorgrun
 24305 | D:15     | 24305 ||| Stepping ~*~*~tactically~*~*~ (hiding).
 24418 | D:15     | Found a staircase to the Depths.
 24419 | D:15     | 24419 ||| INVOKING Heroism.
 24434 | D:15     | 24434 ||| PLANNING ORC
 24567 | Orc:1    | Entered Level 1 of the Orcish Mines
 24637 | Orc:2    | Entered Level 2 of the Orcish Mines
 24641 | Orc:2    | 24641 ||| INVOKING Heroism.
 24816 | Orc:2    | 24816 ||| Stepping ~*~*~tactically~*~*~ (hiding).
 24823 | Orc:2    | 24823 ||| INVOKING Heroism.
 24826 | Orc:2    | 24826 ||| Stepping ~*~*~tactically~*~*~ (hiding).
 24835 | Orc:2    | Noticed Maurice
 24879 | Orc:2    | Killed Maurice
 24880 | Orc:2    | Reached skill level 12 in Fighting
 24930 | Orc:2    | 24930 ||| INVOKING Heroism.
 25102 | Orc:2    | Found a staircase to the Elven Halls.
 25134 | Orc:2    | Noticed an orc warlord
 25135 | Orc:2    | 25135 ||| INVOKING Heroism.
 25136 | Orc:2    | 25136 ||| INVOKING Finesse.
 25143 | Orc:2    | Received a gift from Okawaru
 25157 | Orc:2    | Killed an orc warlord
 25278 | Orc:2    | 25278 ||| INVOKING Heroism.
 25291 | Orc:2    | Found a runed translucent door.
 25291 | Orc:2    | Noticed qw's ghost (journeyman MiBe)
 25405 | Orc:2    | 25405 ||| INVOKING Heroism.
 25423 | Orc:2    | Reached XP level 16. HP: 64/101 MP: 23/23
 25441 | Orc:2    | 25441 ||| INVOKING Heroism.
 25455 | Orc:2    | HP: 16/101 [chaos spawn[an orc high priest] (10)]
 25456 | Orc:2    | 25456 ||| READING 4 scrolls of teleportation.
 25457 | Orc:2    | 25457 ||| DRINKING 7 potions of heal wounds.
 25459 | Orc:2    | Received a gift from Okawaru
 25828 | Orc:2    | 25828 ||| Stepping ~*~*~tactically~*~*~ (hiding).
 25829 | Orc:2    | 25829 ||| Stepping ~*~*~tactically~*~*~ (hiding).
 25830 | Orc:2    | 25830 ||| Stepping ~*~*~tactically~*~*~ (hiding).
 25834 | Orc:2    | 25834 ||| INVOKING Heroism.
 25843 | Orc:2    | 25843 ||| Stepping ~*~*~tactically~*~*~ (stealth).
 25897 | Orc:2    | 25897 ||| Stepping ~*~*~tactically~*~*~ (hiding).
 25901 | Orc:2    | 25901 ||| INVOKING Heroism.
 25918 | Orc:2    | Found Mosegoss's Weapon Shoppe.
 25918 | Orc:2    | Found Fexolo Zubim's Assorted Antiques.
 25920 | Orc:2    | Found Piepous's Antique Weapon Shoppe.
 25920 | Orc:2    | Found Ciemef's Book Shop.
 25931 | Orc:2    | 25931 ||| BUYING fuming inky potion (34 gold).
 25931 | Orc:2    | Bought a fuming inky potion for 34 gold pieces
 25931 | Orc:2    | 25931 ||| BUYING ruby potion (34 gold).
 25931 | Orc:2    | Bought a ruby potion for 34 gold pieces
 25931 | Orc:2    | 25931 ||| BUYING scroll of blinking (285 gold).
 25931 | Orc:2    | Bought a scroll of blinking for 285 gold pieces
 25931 | Orc:2    | 25931 ||| BUYING scroll of enchant armour (285 gold).
 25931 | Orc:2    | Bought a scroll of enchant armour for 285 gold pieces
 25931 | Orc:2    | 25931 ||| READING scroll of enchant armour.
 25931 | Orc:2    | 25931 ||| ENCHANTING +5 plate armour of fire resistance.
 26036 | Orc:2    | 26036 ||| READING 17 scrolls of identify.
 26036 | Orc:2    | 26036 ||| IDENTIFYING fuming inky potion
 26037 | Orc:2    | 26037 ||| READING 16 scrolls of identify.
 26037 | Orc:2    | 26037 ||| IDENTIFYING ruby potion
 26038 | Orc:2    | 26038 ||| DROPPING potion of invisibility.
 26039 | Orc:2    | 26039 ||| DROPPING potion of flight.
 26148 | Orc:1    | 26148 ||| INVOKING Heroism.
 26171 | Orc:1    | 26171 ||| Stepping ~*~*~tactically~*~*~ (stealth).
 26184 | Orc:1    | 26184 ||| INVOKING Heroism.
 26361 | Orc:1    | 26361 ||| Stepping ~*~*~tactically~*~*~ (stealth).
 26714 | Orc:1    | 26714 ||| Stepping ~*~*~tactically~*~*~ (hiding).
 26716 | Orc:1    | 26716 ||| INVOKING Heroism.
 26781 | Orc:1    | 26781 ||| Stepping ~*~*~tactically~*~*~ (hiding).
 26783 | Orc:1    | 26783 ||| Stepping ~*~*~tactically~*~*~ (hiding).
 26801 | Orc:1    | 26801 ||| Stepping ~*~*~tactically~*~*~ (stealth).
 26844 | Orc:1    | 26844 ||| PLANNING SPIDER:1-3
 26997 | Spider:1 | Entered Level 1 of the Spider Nest
 27016 | Spider:1 | 27016 ||| INVOKING Heroism.
 27104 | Spider:1 | 27104 ||| Stepping ~*~*~tactically~*~*~ (stealth).
 27286 | Spider:1 | 27286 ||| INVOKING Heroism.
 27302 | Spider:1 | 27302 ||| INVOKING Finesse.
 27459 | Spider:1 | 27459 ||| Stepping ~*~*~tactically~*~*~ (stealth).
 27510 | Spider:1 | 27510 ||| Stepping ~*~*~tactically~*~*~ (stealth).
 27512 | Spider:1 | 27512 ||| Stepping ~*~*~tactically~*~*~ (hiding).
 27649 | Spider:1 | 27649 ||| READING 2 scrolls of acquirement.
 27649 | Spider:1 | 27649 ||| ACQUIRING +0 pair of gloves "Neal" {+Blink Str+4}
 27649 | Spider:1 | Acquired the +0 pair of gloves "Neal" {+Blink Str+4}
 27651 | Spider:1 | 27651 ||| UPGRADING to +0 pair of gloves "Neal" {+Blink
                  | Str+4}.
 27661 | Spider:1 | 27661 ||| DROPPING +0 pair of gloves.
 27662 | Spider:1 | 27662 ||| READING scroll of acquirement.
 27662 | Spider:1 | 27662 ||| ACQUIRING +5 broad axe "Feateakk" {venom, Str+3
                  | Int+8 Dex-3}
 27662 | Spider:1 | Acquired the +5 broad axe "Feateakk" {venom, Str+3 Int+8
                  | Dex-3}
 27664 | Spider:1 | 27664 ||| SWAPPING to +5 broad axe "Feateakk" {venom, Str+3
                  | Int+8 Dex-3}.
 27807 | Spider:1 | 27807 ||| INVOKING Heroism.
 27928 | Spider:1 | Received a gift from Okawaru
 27930 | Spider:1 | 27930 ||| Stepping ~*~*~tactically~*~*~ (stealth).
 28005 | Spider:1 | 28005 ||| DROPPING scarf of invisibility.
 28085 | Spider:1 | 28085 ||| INVOKING Heroism.
 28188 | Spider:1 | 28188 ||| Stepping ~*~*~tactically~*~*~ (stealth).
 28236 | Spider:1 | 28236 ||| INVOKING Heroism.
 28272 | Spider:1 | 28272 ||| Stepping ~*~*~tactically~*~*~ (stealth).
 28291 | Spider:1 | 28291 ||| INVOKING Finesse.
 28310 | Spider:1 | 28310 ||| INVOKING Heroism.
 28366 | Spider:1 | 28366 ||| Stepping ~*~*~tactically~*~*~ (stealth).
 28371 | Spider:1 | 28371 ||| INVOKING Finesse.
 28376 | Spider:1 | 28376 ||| Stepping ~*~*~tactically~*~*~ (stealth).
 28398 | Spider:1 | 28398 ||| INVOKING Heroism.
 28886 | Spider:2 | 28886 ||| Stepping ~*~*~tactically~*~*~ (stealth).
 28890 | Spider:2 | 28890 ||| INVOKING Heroism.
 28891 | Spider:2 | 28891 ||| INVOKING Finesse.
 28974 | Spider:2 | 28974 ||| INVOKING Heroism.
 29060 | Spider:2 | 29060 ||| INVOKING Heroism.
 29080 | Spider:2 | 29080 ||| INVOKING Finesse.
 29083 | Spider:2 | 29083 ||| Stepping ~*~*~tactically~*~*~ (hiding).
 29093 | Spider:2 | 29093 ||| Stepping ~*~*~tactically~*~*~ (hiding).
 29424 | Spider:2 | 29424 ||| Stepping ~*~*~tactically~*~*~ (hiding).
 29427 | Spider:2 | 29427 ||| INVOKING Finesse.
 29439 | Spider:2 | 29439 ||| Stepping ~*~*~tactically~*~*~ (stealth).
 29445 | Spider:2 | 29445 ||| Stepping ~*~*~tactically~*~*~ (stealth).
 29457 | Spider:2 | 29457 ||| Stepping ~*~*~tactically~*~*~ (stealth).
 29514 | Spider:2 | 29514 ||| Stepping ~*~*~tactically~*~*~ (stealth).
 29517 | Spider:2 | 29517 ||| INVOKING Heroism.
 29629 | Spider:2 | Identified the +7 hand axe of the Usurping Hero {flame, rC+
                  | Int+9 Dex+3}
 29800 | Spider:2 | Noticed Agnes
 29801 | Spider:2 | 29801 ||| Stepping ~*~*~tactically~*~*~ (stealth).
 29802 | Spider:2 | 29802 ||| INVOKING Heroism.
 29803 | Spider:2 | 29803 ||| INVOKING Finesse.
 29814 | Spider:2 | Reached XP level 17. HP: 108/108 MP: 17/24
 29820 | Spider:2 | Killed Agnes
 30081 | Spider:2 | 30081 ||| READING scroll labelled JOSUGOAPIU.
 30347 | Spider:3 | Found a large runed translucent door.
 30348 | Spider:3 | Found a large runed translucent door.
 30365 | Spider:3 | Reached skill level 12 in Armour
 30378 | Spider:3 | 30378 ||| Stepping ~*~*~tactically~*~*~ (stealth).
 30382 | Spider:3 | 30382 ||| Stepping ~*~*~tactically~*~*~ (stealth).
 30400 | Spider:3 | 30400 ||| INVOKING Finesse.
 30421 | Spider:3 | 30421 ||| Stepping ~*~*~tactically~*~*~ (stealth).
 30425 | Spider:3 | 30425 ||| Stepping ~*~*~tactically~*~*~ (stealth).
 30427 | Spider:3 | 30427 ||| Stepping ~*~*~tactically~*~*~ (stealth).
 30517 | Spider:3 | 30517 ||| INVOKING Finesse.
 30517 | Spider:3 | Identified the +1 tower shield "Nusol" {Harm Rampage Drain}
 30517 | Spider:3 | Noticed Louise
 30518 | Spider:3 | 30518 ||| Stepping ~*~*~tactically~*~*~ (hiding).
 30519 | Spider:3 | 30519 ||| Stepping ~*~*~tactically~*~*~ (hiding).
 30547 | Spider:3 | Killed Louise
 30638 | Spider:3 | 30638 ||| Stepping ~*~*~tactically~*~*~ (hiding).
 30647 | Spider:3 | 30647 ||| INVOKING Finesse.
 30833 | Spider:3 | Reached skill level 6 in Throwing
 30843 | Spider:3 | 30843 ||| INVOKING Finesse.
 31047 | Spider:3 | Received a gift from Okawaru
 31350 | Spider:3 | 31350 ||| INVOKING Finesse.
 31360 | Spider:3 | 31360 ||| DRINKING potion of cancellation.
 31488 | Spider:3 | Noticed qw's ghost (adept GrBe)
 31821 | Spider:3 | 31821 ||| PLANNING SHOALS:1-3
 31948 | Shoals:1 | Entered Level 1 of the Shoals
 31949 | Shoals:1 | 31949 ||| Stepping ~*~*~tactically~*~*~ (hiding).
 31950 | Shoals:1 | 31950 ||| Stepping ~*~*~tactically~*~*~ (hiding).
 31995 | Shoals:1 | 31995 ||| INVOKING Heroism.
 32102 | Shoals:1 | 32102 ||| Stepping ~*~*~tactically~*~*~ (stealth).
 32103 | Shoals:1 | 32103 ||| Stepping ~*~*~tactically~*~*~ (stealth).
 32448 | Shoals:1 | Found a glowing silver altar of Zin.
 32450 | Shoals:1 | 32450 ||| INVOKING Heroism.
 32458 | Shoals:1 | Received a gift from Okawaru
 32636 | Shoals:1 | 32636 ||| Stepping ~*~*~tactically~*~*~ (hiding).
 32651 | Shoals:1 | Identified the +8 long sword of the Big Fish {flame, Int+3
                  | Dex+7}
 32976 | Shoals:2 | 32976 ||| Stepping ~*~*~tactically~*~*~ (hiding).
 32977 | Shoals:2 | 32977 ||| Stepping ~*~*~tactically~*~*~ (hiding).
 33012 | Shoals:2 | Noticed Polyphemus
 33013 | Shoals:2 | 33013 ||| INVOKING Heroism.
 33016 | Shoals:2 | 33016 ||| INVOKING Finesse.
 33037 | Shoals:2 | Killed Polyphemus
 33460 | Shoals:2 | 33460 ||| Stepping ~*~*~tactically~*~*~ (hiding).
 33592 | Shoals:2 | 33592 ||| INVOKING Heroism.
 33948 | Shoals:3 | Identified the ring of the Salamander {rC+ Str+6}
 33970 | Shoals:3 | 33970 ||| INVOKING Heroism.
 34011 | Shoals:3 | Reached skill level 18 in Axes
 34142 | Shoals:3 | 34142 ||| INVOKING Heroism.
 34165 | Shoals:3 | Noticed Mara
 34166 | Shoals:3 | 34166 ||| Stepping ~*~*~tactically~*~*~ (stealth).
 34167 | Shoals:3 | 34167 ||| INVOKING Finesse.
 34191 | Shoals:3 | Noticed qw's illusion
 34202 | Shoals:3 | 34202 ||| INVOKING Heroism.
 34228 | Shoals:3 | Noticed qw's illusion
 34228 | Shoals:3 | 34228 ||| INVOKING Finesse.
 34261 | Shoals:3 | Noticed qw's illusion
 34265 | Shoals:3 | Noticed qw's illusion
 34295 | Shoals:3 | 34295 ||| INVOKING Heroism.
 34302 | Shoals:3 | Noticed qw's illusion
 34303 | Shoals:3 | Killed Mara
 34553 | Shoals:3 | 34553 ||| INVOKING Heroism.
 34825 | Shoals:3 | 34825 ||| INVOKING Heroism.
 35264 | Shoals:3 | 35264 ||| INVOKING Heroism.
 35445 | Shoals:3 | 35445 ||| PLANNING SPIDER:4
 35445 | Shoals:3 | 35445 ||| UPGRADING to ring of the Salamander {rC+ Str+6}.
 35607 | Spider:4 | Entered Level 4 of the Spider Nest
 35647 | Spider:4 | 35647 ||| INVOKING Heroism.
 35657 | Spider:4 | Received a gift from Okawaru
 35660 | Spider:4 | HP: 23/110 [meliai/divine providence (13)]
 35660 | Spider:4 | HP: 11/110 [meliai/divine providence (12)]
 35661 | Spider:4 | 35661 ||| READING 4 scrolls of teleportation.
 35662 | Spider:4 | 35662 ||| DRINKING 6 potions of heal wounds.
 35663 | Spider:4 | 35663 ||| DRINKING 5 potions of heal wounds.
 35675 | Spider:4 | Reached skill level 18 in Shields
 35680 | Spider:4 | HP: 20/111 [radroach (18)]
 35681 | Spider:4 | 35681 ||| READING 3 scrolls of teleportation.
 35681 | Spider:4 | Mangled by a radroach

Levels and vault maps discovered:
D:1:      dpeg_arrival_pond, layout_basic
D:2:      layout_loops_ring, basic_ecumenical_altar, serial_shops, shop,
          item_on_display_a
D:3:      layout_loops_ring
D:4:      layout_gridville, mainiacjoe_overflow_concentric_impassable,
          grunt_gozag_statues, nicolae_tso_swordbearing_angel,
          palyth_stone_intersect, minmay_unequal
D:5:      minmay_diamond_boxcup, layout_basic,
          riverfiend_overflow_shadow_ancestor, nicolae_qazlal_eye_of_the_storm,
          overflow_temple_1_default, minmay_temple_entry_hall, enter_ossuary_3
D:6:      layout_cave_pools, serial_park, serial_park_tiny_1,
          serial_park_tiny_1, serial_park_tiny_pond, serial_shops, shop
D:7:      nzn_winding_woodlands_cross
          [nzn_winding_woodlands_5x15_pathside_ponds,
          nzn_winding_woodlands_5x15_sidewinder,
          nzn_winding_woodlands_5x15_cabin, nzn_winding_woodlands_5x15_eye,
          nzn_winding_woodlands_15x15_boxy_spiral], layout_loops_cross,
          nicolae_kikubaaqudgha_miasma_corner, serial_shops, nicolae_shop_stone,
          kennysheep_cross_room, minmay_a_box_with_orc_wizards_in_it
D:8:      layout_basic, mainiacjoe_overflow_alcove_1, minmay_door_square,
          minmay_misc_feat_five, uniq_psyche, uniq_prince_ribbit1, uniq_erica
D:9:      layout_basic, orc_0_dummy, gammafunk_ghost_spectres
D:10:     layout_rooms, nemelex_spade_bored_becter,
          mainiacjoe_overflow_boulevard, okawaru_trees_2
D:11:     cheibrodos_steamvent, layout_rooms
D:12:     layout_rooms
D:13:     layout_long_grid, david_vaults_1, uniq_frances
D:14:     layout_loops_ring, uniq_roxanne
D:15:     grunt_enter_depths_snipers, layout_basic, lemuel_crystal_altar,
          drop_trap, uniq_nessos, uniq_josephine, uniq_jorgrun, uniq_kirke
Temple:   nicolae_temple_ecumenical_triangle
Lair:1:   layout_hall_layers, nicolae_quartered_pool_super, uniq_maggie
Lair:2:   layout_layer_cave, minmay_shoals_entry_lonely_mermaid,
          gauntlet_entry_generic, chequers_serial_rivers_large_b, uniq_amaemon
Lair:3:   layout_long_grid, nicolae_spider_entry_non_spiders,
          bh_autumn_forest_stairs, lemuel_oklob_altar
Lair:4:   layout_roguey [special_room_bee], uniq_snorg
Lair:5:   minmay_lair_end_frog_pond, layout_misc_corridors,
          dpeg_slime_entry_enclosed, portal_ice_cave_entry_animals_and_master,
          dreamdust_wasp_nest
Shoals:1: layout_shoals, nicolae_shoals_seven_spires, lemuel_centaur_altar
Shoals:2: layout_shoals, uniq_polyphemus
Shoals:3: layout_shoals, uniq_mara
Spider:1: layout_cave_pods, nicolae_spider_wall_of_niches
Spider:2: layout_spider_delve, hangedman_spider_tarantella_strand, uniq_agnes
Spider:3: layout_chambers, ebering_ghost_disaster_area, uniq_louise
Spider:4: hellmonk_spider_rune_bug_friends
Orc:1:    layout_diamond_mine, basic_altar
Orc:2:    grunt_orc_tribal_feast, layout_diamond_mine,
          hellmonk_ghost_happy_afterlife, nicolae_orc_flooded_monolith,
          uniq_maurice

Skill      XL: |  1  2  3  4  5  6  7  8  9 10 11 12 13 14 15 16 17 |
---------------+----------------------------------------------------+-----
Axes           | 2 3 4 5 6 7 8 10 11 12 14 15 17 18 | 18.0
Fighting       | 4 5 6 8 9 10 11 12 13 14 | 14.0
Dodging        | 1 2 |  2.1
Throwing       | 1 2 3 4 5 6 |  6.0
Armour         | 4 5 7 9 10 11 12 | 12.0
Shields        | 4 5 6 9 14 16 17 18 | 18.0
Invocations    | 3 6 10 | 10.0

Action                   |  1- 3 |  4- 6 |  7- 9 | 10-12 | 13-15 | 16-18 || total
-------------------------+-------+-------+-------+-------+-------+-------++-------
Melee: War axe           |   104 |    51 |       |       |    23 |       ||   178
       Broad axe         |       |    59 |   266 |   463 |  1011 |  1025 ||  2824
       Morningstar       |       |       |       |     3 |       |       ||     3
       Hand axe          |       |       |       |       |    17 |       ||    17
Throw: Javelin           |       |       |    32 |    20 |    73 |    70 ||   195
       Boomerang         |       |       |     2 |    87 |    79 |    67 ||   235
Invok: Heroism           |       |       |       |    13 |    45 |    30 ||    88
       Finesse           |       |       |       |       |    16 |    15 ||    31
  Use: Scroll            |     7 |     7 |     2 |     4 |     6 |     9 ||    35
       Potion            |     3 |     3 |     2 |     3 |       |     4 ||    15
 Stab: Petrifying        |       |       |       |       |       |     6 ||     6
       Petrified         |       |       |       |       |       |     4 ||     4
Armor: Scale mail        |    64 |    59 |     5 |       |       |       ||   128
       Chain mail        |       |       |   119 |    22 |       |       ||   141
       Plate armour      |       |       |       |   205 |   370 |   377 ||   952
       Skin              |       |       |       |     3 |       |       ||     3
Dodge: Dodged            |    45 |    63 |   107 |   166 |   238 |   252 ||   871
Block: Buckler           |    19 |    20 |    48 |   115 |   118 |       ||   320
       Tower shield      |       |       |       |       |   723 |   999 ||  1722
       Reflection        |       |       |       |       |    22 |    38 ||    60

Table legend:
 A = Non-vault XP
 B = Vault XP
 C = Vault XP percentage of total XP
 D = Non-vault monster count
 E = Vault monster count
 F = Vault count percentage of total count
                 A         B        C        D         E       F
            +---------+---------+-------+---------+---------+-------
      Total |  171838 |   66851 |  28.0 |     681 |     250 |  26.9
            +---------+---------+-------+---------+---------+-------
        D:1 |      20 |       0 |   0.0 |      13 |       0 |   0.0
        D:2 |      52 |       0 |   0.0 |      21 |       0 |   0.0
        D:3 |      81 |       0 |   0.0 |      18 |       0 |   0.0
        D:4 |     171 |      18 |   9.5 |      16 |       3 |  15.8
        D:5 |     906 |     633 |  41.1 |      25 |      11 |  30.6
        D:6 |     883 |       0 |   0.0 |       9 |       0 |   0.0
        D:7 |    1875 |    2337 |  55.5 |      30 |      25 |  45.5
        D:8 |    1394 |    1490 |  51.7 |      16 |       3 |  15.8
        D:9 |    1472 |       0 |   0.0 |      30 |       0 |   0.0
       D:10 |    2150 |       0 |   0.0 |      17 |       0 |   0.0
       D:11 |    7018 |     545 |   7.2 |      15 |       3 |  16.7
       D:12 |    4116 |       0 |   0.0 |      13 |       0 |   0.0
       D:13 |    7144 |    3439 |  32.5 |      17 |       5 |  22.7
       D:14 |   11854 |    1371 |  10.4 |      21 |       1 |   4.5
       D:15 |    7087 |    9739 |  57.9 |      23 |      16 |  41.0
     Lair:1 |    7830 |     370 |   4.5 |      30 |       1 |   3.2
     Lair:2 |    3831 |    1681 |  30.5 |      11 |       3 |  21.4
     Lair:3 |    1741 |     764 |  30.5 |       9 |       9 |  50.0
     Lair:4 |   16197 |    4842 |  23.0 |      47 |      31 |  39.7
     Lair:5 |    2891 |   11583 |  80.0 |       9 |      41 |  82.0
   Shoals:1 |    5009 |     452 |   8.3 |      12 |       4 |  25.0
   Shoals:2 |    5030 |    5606 |  52.7 |      11 |       6 |  35.3
   Shoals:3 |   16101 |    3832 |  19.2 |      38 |       1 |   2.6
   Spider:1 |   21849 |    4123 |  15.9 |      59 |       6 |   9.2
   Spider:2 |   18780 |    1740 |   8.5 |      48 |       2 |   4.0
   Spider:3 |   14139 |    1199 |   7.8 |      29 |       1 |   3.3
   Spider:4 |    4005 |       0 |   0.0 |       9 |       0 |   0.0
      Orc:1 |    2946 |       0 |   0.0 |      42 |       0 |   0.0
      Orc:2 |    5266 |    7861 |  59.9 |      43 |      31 |  41.9
    Ossuary |       0 |     390 | 100.0 |       0 |      38 | 100.0
   Gauntlet |       0 |    2836 | 100.0 |       0 |       9 | 100.0
            +---------+---------+-------+---------+---------+-------
